 Dungeon Crawl Stone Soup version 0.29-a0-775-g4d7333d4e2 (webtiles) character file.

Game seed: 9725319385402824112

0 Zdeegee the Gusty (level 1, -1/10 HPs)
             Began as a Tengu Air Elementalist on July 1, 2022.
             Killed from afar by a dart slug (4 damage)
             ... with a slug dart
             ... on level 1 of the Dungeon.
             The game lasted 00:00:38 (63 turns).

Zdeegee the Gusty (Tengu Air Elementalist)            Turns: 63, Time: 00:00:39

Health: -1/10      AC:  2    Str:  8    XL:     1   Next: 10%
Magic:  1/4        EV: 12    Int: 15    God:
Gold:   26         SH:  0    Dex: 14    Spells: 3/4 levels left

rFire   . . .      SeeInvis .   (no weapon)
rCold   . . .      Faith    .   (no shield)
rNeg    . . .      Spirit   .   a - +0 robe
rPois   .          Reflect  .   (helmet restricted)
rElec   .          Harm     .   (no cloak)
rCorr   .          Rampage  .   (no gloves)
Will    .....                   (boots unavailable)
Stlth   ++........              (no amulet)
HPRegen 0.03/turn               (no ring)
MPRegen 0.09/turn               (no ring)

@: no status effects
A: beak, talons 3
a: no special abilities


You were on level 1 of the Dungeon.
You visited 1 branch of the dungeon, and saw 1 of its levels.

You collected 26 gold pieces.

Inventory:

Armour
 a - a +0 robe (worn)
 d - a +0 cloak
Scrolls
 c - a scroll of identify {unknown}
Potions
 b - a potion of magic


   Skills:
 * Level 2.1 Dodging
 + Level 2.0 Stealth
 * Level 2.0 Spellcasting
 * Level 1.3 Conjurations
 * Level 4.0 Air Magic


You had 3 spell levels left.
You knew the following spells:

 Your Spells              Type           Power      Damage    Failure   Level
a - Shock                 Conj/Air       36%        1d5       8%          1

Your spell library contained the following spells:

 Spells                   Type           Power      Damage    Failure   Level
 Static Discharge         Conj/Air       9%         3-5/arc   11%         2
 Swiftness                Air            13%        N/A       12%         3
 Airstrike                Air            6%         0-3+      38%         4


Dungeon Overview and Level Annotations

Branches:
Dungeon (1/15)

Altars:


Innate Abilities, Weirdness & Mutations

You have a beak for a mouth.
You have claws for feet.


Message History

The zap hits the frilled lizard.
You kill the frilled lizard!
You can't see any susceptible monsters within range! (Use Z to cast anyway.)
You can't see any susceptible monsters within range! (Use Z to cast anyway.) Magic restored.
Found a cloak.
Found 4 stones.
Found a kite shield.
You can't see any susceptible monsters within range! (Use Z to cast anyway.)
You can't see any susceptible monsters within range! (Use Z to cast anyway.)
Found a ring mail.
You now have 16 gold pieces (gained 7).
A dart slug and a kobold come into view.
Found a stone staircase leading down.
You see here a scroll labelled SIKUGE GINKOD.
c - a scroll labelled SIKUGE GINKOD The dart slug launches a dart at you.
The slug dart hits you. The dart slug launches a dart at you.
The slug dart hits you.
You now have 26 gold pieces (gained 10).
You see here a +0 cloak.
d - a +0 cloak You hit the bush but do no damage.
The zap hits the dart slug.
The dart slug is heavily wounded.
The zap hits the dart slug.
The dart slug is severely wounded.
The dart slug launches a dart at you. The slug dart hits you.
* * * LOW HITPOINT WARNING * * *
You are too injured to fight recklessly!
Aiming: Shock (safe; 8% risk of failure)
Press: ? - help, Q - select action Shift-Dir - straight line, f/p - dart slug
Aim: a dart slug (severely wounded, 100% to hit)
The zap hits the dart slug.
The dart slug is almost dead.
The dart slug launches a dart at you. The slug dart hits you.
You die...

.........♣(♣.♣.♣
#.#
##.......[....#
#.# #^......♣
♣.♣.♣
##.###......w#
....
#...##.......♣#♣.♣
#...##)......#...#
#...##.....†.....#
.....#.......#.#.#
..<..#.........#@#
.....#.......P♣w.#
#...##.####.♣♣.♣.#
#...#..# #.♣♣♣.[#
#...#.## #..P.P.#
##.##.# ##...P##
#.#..# ######
#.#.## #.#.#


You could see a dart slug.

Vanquished Creatures
  A frilled lizard (D:1)
1 creature vanquished.

Notes
Turn   | Place    | Note
-------+----------+-------------------------------------------
     0 | D:1      | Zdeegee the Tengu Air Elementalist began the quest for the
                  | Orb.
     0 | D:1      | Reached XP level 1. HP: 10/10 MP: 4/4
    63 | D:1      | Killed from afar by a dart slug

Illustrated notes

Levels and vault maps discovered:
D:1:      dpeg_arrival_rhombus, layout_basic, serial_forest,
          infiniplex_forest_lined_3, infiniplex_forest_lined_room_2,
          infiniplex_forest_clump_small, infiniplex_forest_zigzag_1,
          infiniplex_forest_zigzag_2, infiniplex_forest_clump_C,
          infiniplex_forest_clump_cross,
          shapermc_ecumenical_altar_starsandcircs, minmay_close_crescents

Action                   || total
-------------------------++-------
Melee: Unarmed           ||     1
 Cast: Shock             ||     4

Table legend: (Time is in decaauts)
 A = Elapsed time spent in this place.
 B = Non-inter-level travel time spent in this place.
 C = Inter-level travel time spent in this place.
 D = Time resting spent in this place.
 E = Time spent auto-exploring this place.
 F = Levels seen in this place.
 G = Mean time per level.
                   A        B        C        D        E       F      G
               +--------+--------+--------+--------+--------+-----+--------+
         Total |     63 |     63 |      0 |      0 |     30 |   1 |   63.0 |
       Dungeon |     63 |     63 |      0 |      0 |     30 |   1 |   63.0 |
               +--------+--------+--------+--------+--------+-----+--------+

Top non-repeatable levels by time:
     D:1: 63 daAuts
